AoeStats
← Morrión

Fortress

510137018Analyzed
2v2 RM · 4d ago on Sep 29, 2026· 47m 43s· 4 players
Game mode
Random Map
Map size
Normal (6 player)
Population
200
Speed
Normal
Resources
Standard
Victory
Conquest
Starting age
Dark Age
Ending age
Imperial Age
RankedLock teamsTeams togetherTeam positionsShared explorationLock speedFull tech treeHidden civsTurbo modeCheats
Victory
Defeat
🇷🇺 Khmer · Russia
1428
+13
🇷🇺 Burgundians · Russia
1325
+17
🇪🇸 Varangians · Spain
1358
-15
🇪🇸 Danes · Spain
1357
-15
Morrión
7:59 Feudal Age
9:07 Horse Collar
9:59 Double-Bit Axe
12:39 Castle Age
11:21 Scale Barding Armor
12:32 Forging
12:38 Bloodlines
14:46 Husbandry
18:05 Loom
20:38 Wheelbarrow
20:54 Iron Casting
22:06 Hand Cart
27:08 Chain Barding Armor
30:21 Imperial Age
31:47 Plate Barding Armor
31:41 Town Watch
33:31 Blast Furnace
31:59 Cavalier
33:05 Conscription
35:29 Bow Saw
37:55 Town Patrol
40:55 Heavy Plow
juanca12
6:44 Feudal Age
10:46 Castle Age
9:01 Double-Bit Axe
10:00 Horse Collar
10:13 Arson
10:39 Scale Mail Armor
14:36 Squires
18:31 Wheelbarrow
19:02 Chain Mail Armor
19:24 Forging
20:29 Hand Cart
23:40 Iron Casting
25:12 Heavy Plow
30:37 Imperial Age
28:06 Gold Mining
29:10 Bow Saw
30:24 Gold Shaft Mining
31:40 Conscription
33:00 Plate Mail Armor
33:30 Blast Furnace
43:00 Onager
43:43 Loom
[SDG]Koliasik
1:44 Double-Bit Axe
2:37 Horse Collar
8:58 Feudal Age
10:24 Bow Saw
10:30 Heavy Plow
12:35 Castle Age
14:32 Two-Man Saw
17:05 Crop Rotation
18:08 Wheelbarrow
17:23 Town Watch
17:25 Loom
28:02 Hand Cart
32:42 Imperial Age
34:26 Chemistry
34:13 Pikeman
34:54 Squires
38:07 Gold Mining
41:25 Halberdier
Landau
7:26 Feudal Age
10:17 Castle Age
8:10 Horse Collar
9:24 Double-Bit Axe
15:58 Bow Saw
17:00 Wheelbarrow
16:27 Loom
17:51 Heavy Plow
18:12 Town Watch
18:47 Gold Mining
19:31 Stone Mining
20:19 Gold Shaft Mining
21:48 Stone Shaft Mining
22:25 Fortified Wall
22:47 Husbandry
22:58 Bloodlines
23:02 Masonry
24:34 Ballistics
28:20 Imperial Age
29:25 Conscription
30:07 Double Crossbow
30:35 Scale Barding Armor
31:27 Architecture
31:11 Forging
31:46 Chain Barding Armor
31:51 Elite Ballista Elephant
33:49 Siege Engineers
35:11 Plate Barding Armor
36:18 Chemistry
37:01 Hand Cart
36:09 Light Cavalry
36:55 Fletching
38:48 Hoardings
38:27 Forging
40:14 Iron Casting
42:37 Hussar
43:56 Coinage
45:26 Banking
45:38 Caravan
45:10 Capped Ram
47:11 Blast Furnace
Connection lost

Rejoining the realm…

Still unreachable

The connection could not be restored.

Session expired

The server has moved on; the page needs a fresh start.